Map: Blackpink LE

Players

Kozzy

  • Race: Protoss Protoss
  • League: Gold
  • Spawn Location: 7:00

LLLLLLiiiiii - Winner!

  • Race: Zerg Zerg
  • League: Bronze
  • Spawn Location: 1:00

VOD

Have the link to the VOD?

Description

Time

  • Played on: April 4, 2018, 2:01 a.m.
  • Length: 6:20
Show
View Real Time Build Order
Export as new Build Order

Kozzy Protoss 

Build Orders:  

Get SALT Encoding   

  12  0:01  Probe  
  13  0:13  Probe  
  14  0:18  Pylon  
  14  0:25  Probe  
  15  0:37  Probe (Chrono Boost)  
  15  0:39  Gateway  
  16  0:49  Probe (Chrono Boost)  
  17  0:53  Assimilator  
  17  0:57  Probe (Chrono Boost)  
  17  1:04  Probe  
  19  1:16  Pylon  
  19  1:27  Cybernetics Core, Zealot (Chrono Boost)  
  22  1:45  Gateway, Assimilator  
  21  1:50  Pylon  
  22  1:56  Probe  
  22  2:05  Twilight Council  
  22  2:08  Probe  
  23  2:18  Warp Gate (Chrono Boost)  
  23  2:23  Zealot  
  25  2:40  Charge (Chrono Boost)  
  25  2:42  Gateway  
  25  2:58  Stalker  
  27  3:08  Gateway  
  27  3:11  Pylon  
  27  3:22  Pylon  
  27  3:37  Pylon  
  27  3:41  Pylon  
  27  3:45  Pylon, Gateway  
  27  4:14  Stalker  
  27  4:15  Stalker, Zealot  
  27  4:16  Zealot  
  35  4:31  Shield Battery  
  35  4:38  Zealot  
  35  4:39  Zealot x3  
  43  4:54  Stalker  
  45  5:04  Pylon  
  45  5:10  Zealot x4  
  53  5:18  Shield Battery  
  53  5:31  Zealot x3  
  59  5:37  Zealot  
  41  6:11  Zealot x5  
Show
View Real Time Build Order
Export as new Build Order

LLLLLLiiiiii Zerg - Winner!

Build Orders: Hatch First 

Get SALT Encoding   

  12  0:01  Drone  
  13  0:08  Drone  
  14  0:17  Overlord  
  14  0:25  Extractor, Drone  
  15  0:35  Drone x2  
  17  0:44  Drone  
  18  0:56  Hatchery  
  17  0:59  Drone  
  18  1:09  Drone  
  19  1:11  Extractor  
  18  1:21  Drone, Spawning Pool  
  18  1:28  Drone  
  19  1:38  Drone  
  21  1:54  Drone  
  21  2:10  Zergling x2  
  21  2:11  Zergling x2  
  21  2:12  Drone, Queen x2  
  28  2:18  Metabolic Boost  
  28  2:21  Overlord  
  28  2:41  Zergling x6  
  31  2:45  Zergling x4  
  31  2:49  Spine Crawler  
  32  2:52  Spine Crawler  
  31  2:58  Drone  
  31  3:00  Overlord  
  31  3:03  Queen  
  34  3:06  Queen  
  36  3:28  Drone  
  36  3:29  Drone x3, Roach Warren  
  36  3:33  Overlord  
  39  3:39  Overlord  
  39  3:55  Spore Crawler  
  38  4:07  Drone x3  
  38  4:09  Roach x4  
  49  4:11  Roach  
  51  4:23  Lair  
  51  4:26  Drone  
  51  4:27  Spore Crawler  
  51  4:35  Roach x2  
  55  4:48  Roach x2  
  55  4:49  Overlord  
  59  5:14  Roach  
  59  5:15  Roach x3  
  59  5:17  Overlord  
  67  5:23  Extractor  
  66  5:37  Roach  
  66  5:40  Drone x7  
  66  5:41  Drone  
Tags
 
Matchup
PvZ
Spawn Locations
Cross Positions
Add a new tag
Caveats
  • Supply blocks, unpowered buildings, or Contaminate may cause inaccurate times.
  • Supply counts are checked every 10 seconds.